 Dungeon Crawl Stone Soup version 0.21-a0-460-g737a915 (webtiles) character file.

2061 4thArraOfDagon the Digger (level 9, -7/63 (64) HPs)
             Began as a Demonspawn Hunter on Nov 20, 2017.
             Was a Believer of Cheibriados.
             Mangled by an orc warrior
             ... wielding a +0 morningstar of protection
              (18 damage)
             ... on level 7 of the Dungeon.
             The game lasted 00:15:57 (2894 turns).

4thArraOfDagon the Digger (Demonspawn Hunter)       Turns: 2894, Time: 00:15:58

HP:   -7/63 (64)    AC: 11    Str: 17    XL:     9   Next: 5%
MP:   9/11          EV: 14    Int: 19    God:    Cheibriados [**....]
Gold: 152           SH:  0    Dex: 21    Spells: 5/8 levels left

rFire    . . .     SeeInvis .     - Unarmed
rCold    + . .     Gourm    .   (no shield)
rNeg     . . .     Faith    .   t - +2 robe {rC+}
rPois    .         Spirit   .   A - +0 helmet
rElec    +         Reflect  .   (no cloak)
rCorr    .         Harm     +   (no gloves)
MR       .....                  o - +2 pair of boots of the Greedy {rElec}
Stlth    +++.......             x - amulet of harm
HPRegen  0.20/turn              a - +3 ring of dexterity
MPRegen  0.12/turn              s - ring of stealth

@: very slightly contaminated, very slow
A: hooves 2, molten scales 2, powered by pain 1
a: Bend Time, Renounce Religion


You were on level 7 of the Dungeon.
You worshipped Cheibriados.
Cheibriados was pleased with you.
You were not hungry.

You visited 2 branches of the dungeon, and saw 8 of its levels.

You collected 152 gold pieces.

Inventory:

Missiles
 c - 9 javelins (quivered)
 e - 114 stones
 p - 6 curare-tipped needles
Armour
 b - a +0 leather armour
 h - a +0 scale mail
 o - the +2 pair of boots of the Greedy (worn) {rElec}
   (You found it on level 4 of the Dungeon)

   It insulates you from electricity.
 t - a +2 robe of cold resistance (worn)
 A - a +0 helmet (worn)
Jewellery
 a - a +3 ring of dexterity (left hand)
 k - an uncursed ring of positive energy
 s - a ring of stealth (right hand)
 x - an amulet of harm (around neck)
Wands
 j - a wand of acid (6)
Scrolls
 g - 4 scrolls of teleportation
 m - a scroll of enchant armour
 u - a scroll of enchant weapon
 v - 4 scrolls of remove curse
 w - 2 scrolls of blinking
 y - a scroll of fear
 z - a scroll of amnesia {unknown}
Potions
 l - 2 potions of cancellation
 n - 2 potions of ambrosia
 r - a potion of might
 B - a potion of magic {unknown}
 C - a potion of degeneration {unknown}
Books
 q - a book of Geomancy

   Spells                             Type                      Level
   a - Sandblast                      Earth                        1
   b - Passwall                       Transmutation/Earth          2
   c - Stone Arrow                    Conjuration/Earth            3
   d - Petrify                        Transmutation/Earth          4
   e - Lee's Rapid Deconstruction     Earth                        5
Comestibles
 f - 4 bread rations
 i - 4 meat rations


   Skills:
 + Level 3.4 Fighting
 - Level 4.2 Throwing
 + Level 3.0 Dodging
 - Level 0.8 Stealth
 * Level 5.5 Unarmed Combat
 - Level 7.7 Earth Magic
 + Level 3.2 Invocations


You had 5 spell levels left.
You knew the following spells:

 Your Spells              Type           Power        Failure   Level  Hunger
a - Passwall              Tmut/Erth      ##........   6%          2    ###....
b - Sandblast             Erth           ####..       1%          1    ##.....


Dungeon Overview and Level Annotations

Branches:
Dungeon (7/15)             Temple (1/1) D:6

Altars:
Ashenzari
Cheibriados
Dithmenos
Elyvilon
Kikubaaqudgha
Nemelex Xobeh
Okawaru
Xom

Shops:
D:6 (   D:7 (


Innate Abilities, Weirdness & Mutations

You have hoof-like feet.
You are mostly covered in molten scales. (AC +3)
You sometimes gain a little power by taking damage.


Message History

Okay, then.
Evoke which item? (* to show all) (? for menu, Esc to quit)
Aiming: Corrosive Bolt (will waste charges)
Press: ? - help, Shift-Dir - straight line, f/p - soldier ant
Aim: a soldier ant (almost dead, covered in acid)
The bolt of acid hits the orc warrior.
The orc warrior is splashed with acid.
The acid corrodes the orc warrior!
The orc warrior is almost dead.
The bolt of acid hits the soldier ant.
The soldier ant is splashed with acid.
You kill the soldier ant!
Cheibriados thoroughly appreciates the change of pace.
Your Dodging skill increases to level 3!
You have reached level 9!
Your experience leads to an increase in your attributes!
Your base attributes are Str 13, Int 14, Dex 14.
Increase (S)trength, (I)ntelligence, or (D)exterity?
You feel clever.
Your demonic ancestry asserts itself...
You feel energised by your suffering.
The orc warrior hits you with a morningstar of protection!
You die...

#.
#.....###.........#
#.
#.......'.........+
#.
#.....###.........#
#.##...#.#
##.......##
#.....##.#
##.....##
###.#####.# ##...##
#.#.## $#.# #+##
##.#.##.###
####.@## #.#o#
#..#.# ..##.## ###
##


You could see an orc warrior.

Vanquished Creatures
  The ghost of Xiguana the Skirmisher, a novice OpCK of Xom (D:6)
  Pikel (D:6)
  Prince Ribbit (D:6)
  A soldier ant (D:7)
  2 necrophages
  2 bullfrogs (D:6)
  A quasit (D:5)
  A bullfrog skeleton (D:5)
  An orc priest (D:7)
  4 hounds
  2 orc wizards
  Jessica (D:2)
  An iguana (D:6)
  2 worker ants (D:7)
  A hound skeleton (D:4)
  A gnoll (D:4)
  3 adders
  3 dart slugs
  6 leopard geckos
  10 orcs
  7 bats
  4 giant cockroaches
  5 goblins
  5 hobgoblins
  4 jackals (D:6)
  A quokka (D:6)
  A ball python (D:3)
  5 frilled lizards
  A giant cockroach zombie (D:5)
  A kobold (D:3)
  A quokka skeleton (D:5)
  7 rats
87 creatures vanquished.

Notes
Turn   | Place    | Note
-------+----------+-------------------------------------------
     0 | D:1      | 4thArraOfDagon the Demonspawn Hunter began the quest for the Orb.
     0 | D:1      | Reached XP level 1. HP: 16/16 MP: 1/1
   212 | D:3      | Found a white marble altar of Elyvilon.
   215 | D:3      | Found a shimmering altar of Xom.
   223 | D:3      | Gained mutation: You have large cloven feet. [demonic ancestry]
   223 | D:3      | Reached XP level 2. HP: 22/22 MP: 2/2
   354 | D:4      | Got a pair of ancient boots
   360 | D:4      | Identified the +2 pair of boots of the Greedy {rElec} (You found it on level 4 of the Dungeon)
   406 | D:5      | Entered Level 5 of the Dungeon
   406 | D:5      | Noticed a necrophage
   411 | D:5      | Killed a necrophage
   411 | D:5      | Gained mutation: You are partially covered in molten scales. (AC +2) [demonic ancestry]
   411 | D:5      | Reached XP level 3. HP: 22/27 MP: 3/3
   411 | D:5      | Gained mutation: You are mostly covered in molten scales. (AC +3) [demonic ancestry]
   411 | D:5      | Reached XP level 4. HP: 27/33 MP: 4/4
   448 | D:5      | Reached XP level 5. HP: 28/38 MP: 5/5
   866 | D:5      | Learned a level 2 spell: Passwall
   876 | D:5      | Learned a level 1 spell: Sandblast
   878 | D:5      | Found an ancient bone altar of Kikubaaqudgha.
   929 | D:6      | Noticed Xiguana's ghost (novice OpCK)
   951 | D:5      | Reached skill level 1 in Earth Magic
   992 | D:6      | Reached skill level 2 in Earth Magic
   992 | D:6      | Gained mutation: You have hoof-like feet. [demonic ancestry]
   992 | D:6      | Reached XP level 6. HP: 28/44 MP: 6/6
  1159 | D:6      | Reached skill level 3 in Earth Magic
  1190 | D:6      | Found a shattered altar of Ashenzari.
  1200 | D:6      | Noticed a slave
  1409 | D:7      | Reached skill level 4 in Earth Magic
  1451 | D:7      | Found Bicer's Weapon Shop.
  1489 | D:6      | Found a staircase to the Ecumenical Temple.
  1498 | Temple   | Entered the Ecumenical Temple
  1524 | Temple   | Became a worshipper of Cheibriados the Contemplative
  1573 | D:6      | Reached XP level 7. HP: 47/49 MP: 7/7
  1574 | D:6      | Noticed Prince Ribbit
  1588 | D:6      | Killed Xiguana's ghost
  1588 | D:6      | Reached skill level 7 in Earth Magic
  1588 | D:6      | Reached XP level 8. HP: 38/55 MP: 8/8
  1589 | D:6      | Killed Prince Ribbit
  1600 | D:6      | Found Veapnouss's Antique Weapon Shoppe.
  1728 | D:6      | Noticed Pikel
  1774 | D:6      | Killed Pikel
  1774 | D:6      | Reached skill level 5 in Unarmed Combat
  1989 | D:2      | Reached * piety under Cheibriados
  2339 | D:2      | Noticed Jessica
  2342 | D:2      | Killed Jessica
  2492 | D:2      | Reached ** piety under Cheibriados
  2894 | D:7      | Gained mutation: You sometimes gain a little power by taking damage. [demonic ancestry]
  2894 | D:7      | Reached XP level 9. HP: 10/63 MP: 9/11
  2894 | D:7      | Mangled by an orc warrior

Vault maps used:
D:1:      dpeg_arrival_pond
D:2:      marbit_many_paths, due_unseen_surprise, uniq_jessica
D:3:      chequers_temple_overflow_statue_of_worship, patterned_corridor
D:4:      kennysheep_boxes
D:5:      kiku_gazebo_garden_becter, first_bread, minmay_misc_feat_doors
D:6:      ashenzari_conservatory_becter, minmay_temple_entry_grid, serial_shops,
          shop, uniq_prince_ribbit1, uniq_pikel
D:7:      minmay_cornered_nines, nicolae_overflow_hidden_temple, serial_shops,
          nicolae_shop_behind_doors
Temple:   bh_familiar_temple

Skill      XL: |  1  2  3  4  5  6  7  8 |
---------------+-------------------------+-----
Throwing       | 4 |  4.2
Unarmed Combat | 3 4 5 |  5.5
Earth Magic    | 2 4 7 |  7.7
Fighting       | 3 |  3.4
Dodging        | 3 |  3.0
Invocations    | 3 |  3.2
Stealth        | |  0.8

Action                   |  1- 3 |  4- 6 |  7- 9 || total
-------------------------+-------+-------+-------++-------
Melee: Short sword       |    32 |       |       ||    32
       Kick              |     2 |       |       ||     2
       Unarmed           |       |   112 |   181 ||   293
       Punch             |       |     1 |     3 ||     4
Throw: Stone             |    26 |       |       ||    26
       Throwing net      |     3 |     1 |     2 ||     6
       Javelin           |    12 |    39 |     4 ||    55
 Cast: Sandblast         |       |       |    10 ||    10
Invok: Bend Time         |       |       |     1 ||     1
Evoke: Wand              |     1 |     3 |     7 ||    11
  Use: Scroll            |       |     8 |     3 ||    11
       Potion            |       |       |     1 ||     1
 Stab: Sleeping          |       |       |     6 ||     6
       Held in net/web   |       |       |     2 ||     2
  Eat: Chunk             |       |     2 |     2 ||     4
       Fruit             |       |       |     7 ||     7
Armor: Scale mail        |    27 |   102 |    88 ||   217
       Robe              |       |       |    10 ||    10
Dodge: Dodged            |    32 |   102 |   106 ||   240

Table legend:
 A = Spawn XP
 B = Non-spawn XP
 C = Spawn XP percentage of total XP
 D = Spawn monster count
 E = Non-spawn monster count
 F = Spawn count percentage of total count
 G = Total turns spent on level
                    A         B        C        D         E        F      G
               +---------+---------+-------+---------+---------+-------+---------
         Total |       0 |    2945 |   0.0 |       0 |      86 |   0.0 |  2894
               +---------+---------+-------+---------+---------+-------+---------
           D:1 |       0 |      20 |   0.0 |       0 |      13 |   0.0 |   285
           D:2 |       0 |      91 |   0.0 |       0 |      18 |   0.0 |   456
           D:3 |       0 |      37 |   0.0 |       0 |      14 |   0.0 |   428
           D:4 |       0 |      33 |   0.0 |       0 |       2 |   0.0 |   282
           D:5 |       0 |     262 |   0.0 |       0 |       9 |   0.0 |   451
           D:6 |       0 |    2103 |   0.0 |       0 |      18 |   0.0 |   555
           D:7 |       0 |     396 |   0.0 |       0 |      11 |   0.0 |   391
        Temple |       0 |       3 |   0.0 |       0 |       1 |   0.0 |    46
               +---------+---------+-------+---------+---------+-------+---------
